 Dungeon Crawl Stone Soup version 0.17.1-3-g152610e (webtiles) character file.

48 Alakolaz the Sneak (level 3, -1/18 HPs)
             Began as a Spriggan Assassin on Mar 1, 2016.
             Killed by nerve-wracking pain
             ... invoked by Jessica
              (11 damage)
             ... on level 2 of the Dungeon.
             The game lasted 00:06:08 (1255 turns).

Alakolaz the Sneak (Spriggan Assassin)              Turns: 1255, Time: 00:06:08

Health: -1/18      AC:  3    Str:  7    XL:     3   Next: 50%
Magic:  4/4        EV: 18    Int: 12    God:
Gold:   66         SH:  0    Dex: 18    Spells: 0 memorised, 2 levels left

rFire  x . .     SeeInvis +     c - +2 dagger (elec)
rCold  + . .     Clarity  .     h - +0 robe
rNeg   . . .     SustAt   .     (shield restricted)
rPois  .         Gourm    .     (helmet restricted)
rElec  .         Spirit   .     d - +0 cloak
rCorr  .         Warding  .     (gloves unavailable)
rMut   .         Stasis   .     (boots unavailable)
MR     .....                    o - amulet of regeneration
Stlth  ++++......               (no ring)
                                i - ring of ice

@: slowed, quick, not resistant to hostile enchantments, stealthy
A: unfitting armour, see invisible, herbivore 3, speed 3, slow metabolism 2
a: no special abilities


You were on level 2 of the Dungeon.
You were not hungry.

You visited 1 branch of the dungeon, and saw 2 of its levels.

You collected 66 gold pieces.

Inventory:

Hand Weapons
 b - a +0 blowgun
 c - a +2 dagger of electrocution (weapon)
Missiles
 e - 2 poisoned needles
 f - 2 curare-tipped needles
Armour
 d - a +0 cloak (worn)
 h - a +0 robe (worn)
Jewellery
 i - a ring of ice (left hand)
 o - an amulet of regeneration (around neck)
Scrolls
 a - a scroll of random uselessness {unknown}
 l - a scroll of enchant armour {unknown}
 n - a scroll of identify {unknown}
Potions
 j - 2 potions of magic {unknown}
 k - a potion of mutation {unknown}
 m - 2 potions of brilliance {unknown}
 p - a potion of might {unknown}
Comestibles
 g - 3 bread rations


   Skills:
 * Level 1.8 Fighting
 * Level 2.5 Short Blades
 - Level 2.0 Throwing
 * Level 2.8 Dodging
 + Level 7.0 Stealth


You had 2 spell levels left.
You didn't know any spells.

Dungeon Overview and Level Annotations

Branches:
Dungeon (2/15)

Altars:

Annotations:
D:2 Jessica


Innate Abilities, Weirdness & Mutations

You are tiny and cannot use many weapons and most armour.
You have supernaturally acute eyesight.
You are a herbivore.
You cover ground extremely quickly.
You need consume almost no food.


Message History

You see here a bubbling purple potion.
Items here: ( ))) ? † The hobgoblin hits you but does no damage.
You barely miss the hobgoblin. The hobgoblin barely misses you.
You hit the hobgoblin.
The hobgoblin is moderately wounded.
The hobgoblin barely misses you.
You hit the hobgoblin but do no damage.
There is a sudden explosion of sparks!
You kill the hobgoblin!
Things that are here:
a club; a poisoned needle Jessica zaps a wand.
The magic dart hits you!
Ouch! That really hurt!
You hit Jessica but do no damage. Jessica misses you.
You hit Jessica.
Jessica is moderately wounded.
Jessica casts a spell at you. Pain shoots through your body!
Ouch! That really hurt!
You die...

#g###. ##g....
...#g##### ###...g...#
#.g #.....#.#.#######
#... #.##..#.#.)g..(.#
#..g.#.......#.#####†#
##...g#####.#########)##
...... #..)@.)!).†).#
#....#####..@##########
#....!.!......#
#.............#
#............?#
#.............#
#....)......>.####
#......(.........#
#................#


You could see Jessica.

Vanquished Creatures
  Robin (D:2)
  An ooze (D:1)
  A giant gecko (D:1)
  A giant cockroach (D:1)
  13 goblins
  5 hobgoblins
  A jackal (D:2)
  2 kobolds
  3 giant newts (D:1)
  4 rats (D:1)
32 creatures vanquished.

Notes
Turn   | Place    | Note
--------------------------------------------------------------
     0 | D:1      | Alakolaz the Spriggan Assassin began the quest for the Orb.
     0 | D:1      | Reached XP level 1. HP: 10/10 MP: 2/2
    13 | D:1      | Reached skill level 6 in Stealth
   381 | D:1      | Reached XP level 2. HP: 14/14 MP: 3/3
   984 | D:2      | Noticed Jessica
  1194 | D:2      | Noticed Robin
  1207 | D:2      | Reached XP level 3. HP: 18/18 MP: 4/4
  1233 | D:2      | Killed Robin
  1244 | D:2      | Reached skill level 7 in Stealth
  1255 | D:2      | Killed from afar by Jessica

Action                   || total
-------------------------++-------
Melee: Dagger            ||    51
 Fire: Blowgun           ||     9
 Stab: Sleeping          ||     9
